 Dungeon Crawl Stone Soup version 0.29.0-4-gdea44cf6ec (webtiles) character file.

Game seed: 6616897196609860524

345 qw the Chopper (level 6, -2/25 (35) HPs)
             Began as a Tengu Warper on Aug 28, 2022.
             Slain by Edmund
             ... wielding a +1 dire flail of draining
              (8 damage)
             ... on level 4 of the Dungeon.
             The game lasted 00:00:17 (2708 turns).

qw the Chopper (Tengu Warper)                       Turns: 2708, Time: 00:00:17

HP:   -2/25 (35)    AC: 13    Str: 12    XL:     6   Next: 58%
MP:   10/10         EV:  4    Int: 13    God:
Gold: 131           SH:  0    Dex: 13    Spells: 9/9 levels left

rFire   . . .      SeeInvis .   Y - +0 hand axe (elec)
rCold   . . .      Faith    .   (no shield)
rNeg    . . .      Spirit   .   k - +0 plate armour
rPois   .          Reflect  .   (helmet restricted)
rElec   .          Harm     .   (no cloak)
rCorr   .          Rampage  .   b - +1 pair of gloves
Will    .....                   (boots unavailable)
Stlth   ..........              g - amulet of regeneration
HPRegen 0.88/turn               (no ring)
MPRegen 0.12/turn               (no ring)

@: flying quickly and evasively, very heavily drained, quick
A: beak, talons 3, nimble flight, antennae 1, screaming 1, weak 1
a: no special abilities


You were on level 4 of the Dungeon.
You visited 1 branch of the dungeon, and saw 4 of its levels.

You collected 303 gold pieces.
You spent 172 gold pieces at shops.


Innate Abilities, Weirdness & Mutations

You have a beak for a mouth.
You have claws for feet.
Your magical nature lets you fly swiftly and evasively.
You have a pair of small antennae on your head.
You occasionally shout uncontrollably at your foes.
You are weak. (Str -2)


   Skills:
 - Level 2.0 Fighting
 + Level 6.6 Axes
 - Level 1.0 Throwing
 - Level 3.3 Armour
 - Level 2.1 Dodging
 - Level 2.0 Spellcasting
 - Level 2.4 Translocations


You had 9 spell levels left.
You didn't know any spells.
Your spell library contained the following spells:

 Spells                   Type           Power      Damage    Failure   Level
 Blink                    Tloc           14%        N/A       100%        2
 Gell's Gravitas          Tloc           7%         N/A       100%        3
 Lesser Beckoning         Tloc           7%         N/A       100%        3
 Teleport Other           Tloc           7%         N/A       100%        3
 Manifold Assault         Tloc           7%         N/A       100%        5

Inventory:

Hand Weapons
 m - a +0 flail
 Y - a +0 hand axe of electrocution (weapon)
Armour
 b - a +1 pair of gloves (worn)
 d - a +2 tower shield of protection
 k - a +0 plate armour (worn)
Jewellery
 g - an amulet of regeneration (around neck)
Scrolls
 a - a scroll of identify
 e - a scroll of summoning {unknown}
 h - a scroll of enchant weapon {unknown}
 i - a scroll of magic mapping {unknown}
Potions
 c - a potion of mutation
 f - a potion of curing {unknown}
 j - a potion of cancellation {unknown}
 l - a potion of degeneration {unknown}

Dungeon Overview and Level Annotations

Branches:
Dungeon (4/15)
 Temple: D:4-7

Altars:
Dithmenos
Gozag

Shops:
D:4 [

Annotations:
D:4 Edmund


Message History

You closely miss Edmund. You claw Edmund.
Edmund is lightly wounded.
Edmund hits you with a +1 dire flail of draining.
You feel drained.
You closely miss Edmund.
Edmund is lightly wounded.
Edmund hits you with a +1 dire flail of draining!
You feel drained.
You hit Edmund but do no damage. You claw Edmund, but do no damage.
You peck Edmund, but do no damage.
Edmund is lightly wounded.
Edmund hits you but does no damage.
You feel drained.
You hit Edmund. Your kick misses Edmund. You peck Edmund, but do no damage.
Edmund is moderately wounded.
Edmund hits you with a +1 dire flail of draining.
You feel drained.
You hit Edmund. Your kick misses Edmund.
Edmund is moderately wounded.
Edmund barely misses you.
You hit Edmund but do no damage.
Edmund is moderately wounded.
Edmund hits you with a +1 dire flail of draining!
You feel drained.
You hit Edmund but do no damage.
Edmund is moderately wounded.
Edmund hits you with a +1 dire flail of draining.
You feel drained.
You barely miss Edmund. Your kick misses Edmund. Your peck misses Edmund.
Edmund is moderately wounded.
Edmund hits you but does no damage.
You feel drained.
You hit Edmund but do no damage. Lightning courses through Edmund!
You claw Edmund. Your peck misses Edmund.
Edmund is heavily wounded.
Edmund hits you with a +1 dire flail of draining.
You feel drained.
You hit Edmund but do no damage. You claw Edmund, but do no damage.
You punch Edmund, but do no damage.
Edmund is heavily wounded.
Edmund hits you with a +1 dire flail of draining!
You die...

#.......... ..........
# ##########...... #.
.....# .#P..... #..
.... .#......
#..######.### .#PP.#.#
#.........#[##.###...#
##..@........#...#..##
#)...@........)..#..#
#######..#########..#
...................#
################...#
#####


You could see Edmund.

Vanquished Creatures
  Sigmund (D:4)
  A phantom (D:4)
  3 adders
  An ufetubus (D:4)
  A worm (D:3)
  2 dart slugs
  6 ball pythons
  7 endoplasms
  3 giant cockroaches
  7 goblins
  4 hobgoblins
  2 jackals (D:3)
  6 kobolds
  4 quokkas
  3 bats
  7 frilled lizards
  5 rats
63 creatures vanquished.

Notes
Turn   | Place    | Note
-------+----------+-------------------------------------------
     0 | D:1      | qw the Tengu Warper began the quest for the Orb.
     0 | D:1      | Reached XP level 1. HP: 12/12 MP: 4/4
     0 | D:1      | 0 ||| qw: Version: 0.1-a-89-g26bdef1
     0 | D:1      | 0 ||| qw: Game counter: 2236
     0 | D:1      | 0 ||| qw: Always use a shield: true
     0 | D:1      | 0 ||| qw: God list: Okawaru
     0 | D:1      | 0 ||| qw: Allow faded altars: false
     0 | D:1      | 0 ||| qw: Do Orc after D:15 true
     0 | D:1      | 0 ||| qw: Do second Lair branch before Depths: true
     0 | D:1      | 0 ||| qw: Lair rune preference: random
     0 | D:1      | 0 ||| qw: Plans: Normal
     0 | D:1      | 0 ||| PLANNING D:1-11
    34 | D:1      | 34 ||| Stepping ~*~*~tactically~*~*~ (stealth).
    47 | D:1      | Reached skill level 3 in Axes
    47 | D:1      | Reached XP level 2. HP: 15/17 MP: 6/6
    86 | D:1      | You fall into a shaft and drop 1 floor!
   263 | D:2      | Reached XP level 3. HP: 10/21 MP: 7/7
   415 | D:2      | 415 ||| UPGRADING to +0 ring mail.
   425 | D:2      | 425 ||| DROPPING +0 leather armour.
   426 | D:2      | 426 ||| UPGRADING to amulet of regeneration.
   431 | D:2      | 431 ||| READING 2 scrolls labelled CUB QORCHIUCASE.
   432 | D:2      | 432 ||| READING scroll labelled DAISADIUTA.
   433 | D:2      | 433 ||| DROPPING scroll of blinking.
   501 | D:1      | Reached skill level 4 in Axes
   512 | D:1      | 512 ||| Stepping ~*~*~tactically~*~*~ (hiding).
   513 | D:1      | 513 ||| Stepping ~*~*~tactically~*~*~ (hiding).
   514 | D:1      | 514 ||| Stepping ~*~*~tactically~*~*~ (hiding).
   842 | D:1      | Found a faded altar of an unknown god.
   864 | D:1      | 864 ||| DROPPING amulet of magic regeneration.
  1067 | D:2      | 1067 ||| Stepping ~*~*~tactically~*~*~ (stealth).
  1081 | D:2      | 1081 ||| Stepping ~*~*~tactically~*~*~ (stealth).
  1214 | D:2      | Reached XP level 4. HP: 26/26 MP: 8/8
  1355 | D:2      | 1355 ||| Stepping ~*~*~tactically~*~*~ (stealth).
  1534 | D:2      | 1534 ||| UPGRADING to +0 pair of gloves.
  1539 | D:2      | 1539 ||| DRINKING 3 murky clear potions.
  1539 | D:2      | Gained mutation: You occasionally lose the ability to drink
                  | potions when taking damage. [potion of mutation]
  1539 | D:2      | Gained mutation: You are weak. (Str -2) [potion of
                  | mutation]
  1539 | D:2      | Gained mutation: You are strong-willed. (Will+) [potion of
                  | mutation]
  1540 | D:2      | 1540 ||| DRINKING 2 potions of mutation.
  1540 | D:2      | Lost mutation: You occasionally lose the ability to drink
                  | potions when taking damage. [potion of mutation]
  1540 | D:2      | Lost mutation: You are strong-willed. (Will+) [potion of
                  | mutation]
  1540 | D:2      | Gained mutation: You occasionally shout uncontrollably at
                  | your foes. [potion of mutation]
  1540 | D:2      | Gained mutation: You have a pair of small antennae on your
                  | head. [potion of mutation]
  2227 | D:3      | Reached skill level 5 in Axes
  2279 | D:3      | 2279 ||| DROPPING +0 club.
  2337 | D:3      | 2337 ||| UPGRADING to +0 plate armour.
  2347 | D:3      | 2347 ||| DROPPING +0 ring mail.
  2348 | D:3      | 2348 ||| READING scroll labelled JIZ BYIP KUG.
  2349 | D:3      | 2349 ||| READING scroll labelled BESEIX QUAZE.
  2350 | D:3      | 2350 ||| READING scroll labelled ENINTAOKLOM.
  2355 | D:3      | 2355 ||| READING 2 scrolls of identify.
  2355 | D:3      | 2355 ||| IDENTIFYING coppery potion
  2356 | D:3      | 2356 ||| DROPPING potion of berserk rage.
  2396 | D:4      | Found Mois's Antique Armour Shop.
  2405 | D:4      | 2405 ||| SHOPLISTING +3 warlock's mirror {reflect} (920
                  | gold, have 221).
  2405 | D:4      | 2405 ||| BUYING glowing tower shield (172 gold).
  2405 | D:4      | Bought a glowing tower shield for 172 gold pieces
  2413 | D:4      | Found a shadowy altar of Dithmenos.
  2504 | D:4      | Found an opulent altar of Gozag.
  2529 | D:4      | 2529 ||| Stepping ~*~*~tactically~*~*~ (stealth).
  2532 | D:4      | Noticed a phantom
  2536 | D:4      | 2536 ||| Stepping ~*~*~tactically~*~*~ (stealth).
  2539 | D:4      | 2539 ||| Stepping ~*~*~tactically~*~*~ (stealth).
  2552 | D:4      | Killed a phantom
  2553 | D:4      | Reached skill level 3 in Armour
  2553 | D:4      | Gained mutation: Your magical nature lets you fly swiftly
                  | and evasively. [Tengu growth]
  2553 | D:4      | Reached XP level 5. HP: 21/30 MP: 9/9
  2636 | D:4      | 2636 ||| READING scroll of enchant armour.
  2636 | D:4      | 2636 ||| ENCHANTING +0 pair of gloves.
  2662 | D:4      | Noticed Sigmund
  2672 | D:4      | Killed Sigmund
  2673 | D:4      | Reached skill level 6 in Axes
  2673 | D:4      | Reached XP level 6. HP: 25/35 MP: 10/10
  2691 | D:4      | Noticed Edmund
  2705 | D:4      | HP: 7/28 [Edmund/+1 dire flail of draining (2)]
  2708 | D:4      | Slain by Edmund

Levels and vault maps discovered:
D:1:      amcnicky_arrival_single_pillar, layout_rooms,
          shapermc_ecumenical_altar_pompeii
D:2:      layout_basic
D:3:      layout_loops_corners
D:4:      layout_basic, amcnicky_altar_gilded, mainiacjoe_overflow_brackets,
          nicolae_ru_great_annihilating_truth, serial_shops, nicolae_shop_trees,
          sigmund_edmund_badplayer

Skill      XL: |  1  2  3  4  5 |
---------------+----------------+-----
Axes           | 3 4 5 6 |  6.6
Armour         | 3 |  3.3
Fighting       | |  2.0
Throwing       | |  1.0
Dodging        | |  2.1
Spellcasting   | |  2.0
Translocations | |  2.4

Action                   |  1- 3 |  4- 6 || total
-------------------------+-------+-------++-------
Melee: Hand axe          |    93 |    77 ||   170
       Peck              |    10 |    12 ||    22
       Kick              |    15 |    27 ||    42
       Punch             |       |     1 ||     1
Throw: Boomerang         |     7 |       ||     7
  Use: Scroll            |     2 |     5 ||     7
       Potion            |       |     2 ||     2
Armor: Leather armour    |     5 |       ||     5
       Ring mail         |    21 |    10 ||    31
       Plate armour      |       |    15 ||    15
Dodge: Dodged            |    48 |    18 ||    66

Table legend:
 A = Non-vault XP
 B = Vault XP
 C = Vault XP percentage of total XP
 D = Non-vault monster count
 E = Vault monster count
 F = Vault count percentage of total count
                 A         B        C        D         E       F
            +---------+---------+-------+---------+---------+-------
      Total |     254 |     239 |  48.5 |      62 |       1 |   1.6
            +---------+---------+-------+---------+---------+-------
        D:1 |      36 |       0 |   0.0 |      20 |       0 |   0.0
        D:2 |      51 |       0 |   0.0 |      22 |       0 |   0.0
        D:3 |      48 |       0 |   0.0 |      14 |       0 |   0.0
        D:4 |     119 |     239 |  66.8 |       6 |       1 |  14.3
            +---------+---------+-------+---------+---------+-------
